 Dungeon Crawl Stone Soup version 0.16-a0-2818-g1ef6e07 (webtiles) character file.

39 Kemay the Ducker (level 3, -5/23 HPs)
             Began as an Octopode Transmuter on Nov 28, 2014.
             Slain by a gnoll
             ... wielding a cursed +0 spear
              (12 damage)
             ... on level 1 of the Dungeon.
             The game lasted 00:05:07 (992 turns).

Kemay the Ducker (Octopode Transmuter)               Turns: 992, Time: 00:05:08

Health: -5/23      AC:  1    Str:  9    XL:     3   Next: 47%
Magic:  5/6        EV: 13    Int: 15    God:
Gold:   48         SH:  0    Dex: 13    Spells: 1 memorised, 5 levels left

rFire  . . .     SeeInvis .       - Unarmed
rCold  . . .     Clarity  .     (no shield)
rNeg   . . .     SustAb   .     (helmet restricted)
rPois  .         Gourm    .     (no amulet)
rElec  .         Spirit   .     (no ring)
rCorr  .         Warding  .     (no ring)
rMut   .         Stasis   .     (no ring)
MR     .....                    (no ring)
Stlth  ++........               (no ring)
                                (no ring)
                                (no ring)
                                (no ring)

@: appendage, not resistant to hostile enchantments, unstealthy
A: almost no armour, amphibious, 8 rings, constrict 8, tentacle spike 3,
camouflage 1, gelatinous body 1
a: End Transformation


You were on level 1 of the Dungeon.
You were not hungry.
One of your tentacles had a temporary spike.
You visited 1 branch of the dungeon, and saw 1 of its levels.

You collected 48 gold pieces.

Inventory:

Missiles
 b - 12 arrows
Scrolls
 e - a scroll of fear
Potions
 c - 2 potions of agility
 f - a potion of cure mutation {unknown}
Books
 d - a book of Changes

   Spells                             Type                      Level
   *Beastly Appendage                 Transmutation                1
   Sticks to Snakes                   Transmutation                2
   Spider Form                        Transmutation/Poison         3
   Ice Form                           Ice/Transmutation            4
   Blade Hands                        Transmutation                5
Comestibles
 a - 3 bread rations
 g - 6 chunks of flesh


   Skills:
 - Level 1.0 Fighting
 + Level 3.7 Dodging
 - Level 3.0 Unarmed Combat
 - Level 2.0 Spellcasting
 - Level 2.0 Transmutations


You had 5 spell levels left.
You knew the following spells:

 Your Spells              Type           Power        Failure   Level  Hunger
a - Beastly Appendage     Trmt           #.....       12%         1    #......


Dungeon Overview and Level Annotations

Branches:
Dungeon (1/15)

Altars:


Innate Abilities, Weirdness & Mutations

You cannot wear most types of armour.
You are amphibious.
You can wear up to eight rings at the same time.
You can use your tentacles to constrict many enemies at once.
Your skin changes colour to match your surroundings (Stealth).
Your rubbery body absorbs attacks (AC +1).
One of your tentacles bears a large vicious spike.


Message History

You closely miss the gnoll. You grab the gnoll.
You pierce the gnoll, but do no damage.
You squeeze the gnoll.
The gnoll is lightly wounded.
You constrict the gnoll.
You tentacle-slap the gnoll but do no damage.
The gnoll is lightly wounded.
You constrict the gnoll. The gnoll hits you with a spear.
You tentacle-slap the gnoll.
The gnoll is moderately wounded.
You constrict the gnoll. The gnoll hits you with a spear!
You tentacle-slap the gnoll but do no damage.
The gnoll is moderately wounded.
You constrict the gnoll. The gnoll hits you with a spear!
You tentacle-slap the gnoll but do no damage.
You pierce the gnoll, but do no damage.
The gnoll is heavily wounded.
You constrict the gnoll, but do no damage.
The gnoll hits you with a spear!
Ouch! That really hurt!
You die...

#.##.. #.##.#
######## #.##.#
.......# #.##.#
######.# #.##.# # #.#
#.##.# # #.#
#.##.###### #
##.###.........######
#
#.........#.@g.......
#
#...........##.##....
# # #...........# # #
# #..####..##... .. #
#..# #..#..... .. #
#..# #....... .. #
#..# ####>..# #
#..########.##
#........##.. #.


You could see a gnoll.

Vanquished Creatures
  A gnoll (D:1)
  2 giant geckos (D:1)
  2 ball pythons (D:1)
  3 hobgoblins (D:1)
  3 jackals (D:1)
  5 kobolds (D:1)
  4 bats (D:1)
  4 goblins (D:1)
  8 rats (D:1)
32 creatures vanquished.

Notes
Turn   | Place    | Note
--------------------------------------------------------------
     0 | D:1      | Kemay, the Octopode Transmuter, began the quest for the Orb.
     0 | D:1      | Reached XP level 1. HP: 13/13 MP: 3/3
    48 | D:1      | Reached XP level 2. HP: 13/18 MP: 2/4
   464 | D:1      | Reached XP level 3. HP: 23/23 MP: 6/6
   992 | D:1      | Slain by a gnoll

Action                   || total
-------------------------++-------
Melee: Unarmed           ||    76
 Cast: Beastly Appendage ||    10
  Use: Scroll            ||     3
 Stab: Sleeping          ||     4
